Map: Мертвые в ночи

Players

MаXGrig

  • Race: Zerg Zerg
  • League: Diamond
  • Spawn Location: 0:00

tarmaziel

  • Race: Zerg Zerg

VOD

Have the link to the VOD?

Description

Time

  • Played on: Oct. 12, 2019, 8:37 a.m.
  • Length: 17:57
Show
View Real Time Build Order
Export as new Build Order

MаXGrig Zerg 

Build Orders:  

Get SALT Encoding   

  12  0:10  Extractor  
  12  0:12  Extractor  
  12  0:15  Extractor  
  12  0:17  Drone  
  10  0:25  Drone  
  11  0:33  Drone  
  12  0:48  Drone  
  13  0:52  Drone  
  14  1:17  Overlord  
  14  1:42  Drone  
  14  1:43  Drone  
  16  1:57  Drone  
  17  2:08  Drone  
  18  2:18  Drone  
  19  2:28  Drone  
  20  2:36  Drone  
  21  2:50  Drone  
  22  3:17  Overlord  
  22  3:34  Spawning Pool  
  22  3:37  Drone  
  22  3:42  Drone  
  23  3:56  Overlord  
  23  4:23  Drone x2  
  23  4:24  Queen  
  27  4:37  Drone  
  28  4:49  Drone  
  29  5:06  Overlord  
  29  5:23  Lair  
  29  5:43  Drone x2  
  31  6:27  Drone x5  
  31  6:28  Drone  
  37  6:36  Queen  
  37  6:37  Spire  
  38  6:43  Overlord  
  38  6:59  Overlord  
  38  7:20  Overlord  
  38  7:29  Hive  
  58  8:11  Rapid Regeneration, Unknown  
  58  8:33  Unknown x6  
  58  8:34  Unknown x4  
  70  8:55  Overlord  
  70  9:07  Unknown  
  70  9:08  Unknown x4  
  70  9:11  Unknown  
  78  9:40  Overlord x2  
  78  9:51  Unknown, Zerg Flyer Weapons Level 1  
  78  10:08  Unknown  
  78  10:09  Unknown x3  
  86  10:40  Unknown x3  
  86  10:41  Unknown  
  86  10:44  Unknown  
  94  10:53  Overlord  
  94  10:54  Overlord  
  94  11:20  Overlord x2  
  94  11:21  Unknown  
  94  11:22  Unknown x3  
  102  11:41  Zerg Flyer Weapons Level 2  
  102  11:57  Unknown x3  
  108  12:00  Unknown  
  108  12:26  Unknown x3  
  114  12:48  Overlord  
  114  12:49  Overlord x2  
  118  12:53  Unknown x2  
  118  12:54  Unknown  
  118  13:18  Unknown  
  118  13:19  Unknown  
  118  13:36  Zerg Flyer Weapons Level 3  
  122  14:16  Unknown x2  
  128  14:23  Overlord  
  128  14:24  Overlord x4  
  128  14:25  Overlord  
  128  14:51  Unknown x3  
  132  15:24  Unknown  
  132  15:25  Unknown  
  136  16:02  Unknown  
  136  16:03  Unknown x2  
  142  16:43  Unknown  
  142  16:44  Unknown x2  
  154  17:38  Unknown x4  
Show
View Real Time Build Order
Export as new Build Order

tarmaziel Zerg 

Build Orders:  

Get SALT Encoding   

  18  0:03  Primal Drone  
  19  0:11  Primal Drone  
  20  0:22  Extractor  
  20  0:31  Extractor  
  20  0:37  Primal Drone  
  21  0:41  Primal Drone  
  22  0:55  Primal Drone  
  23  1:12  Primal Warden  
  24  1:23  Primal Drone  
  25  1:38  Primal Attacks Level 1  
  25  1:58  Primal Drone  
  25  1:59  Primal Drone  
  27  2:00  Extractor  
  27  2:15  Primal Drone  
  28  2:32  Glevig's Den  
  27  3:23  Primal Drone x2  
  29  3:40  Primal Drone  
  29  3:41  Primal Drone x3  
  33  4:34  Primal Drone x3  
  36  4:43  Murvar's Den  
  35  4:53  Primal Drone, Primal Attacks Level 2  
  36  5:26  Primal Drone x2  
  38  5:52  Primal Drone  
  38  5:53  Primal Drone  
  40  6:29  Primal Drone x2  
  42  6:51  Dakrun's Den  
  41  7:17  Primal Drone x2  
  43  7:23  Primal Warden  
  44  8:10  Primal Attacks Level 3  
  44  9:01  Healing Adaptation  
  44  9:10  Primal Ultralisk x2  
  44  9:11  Primal Ultralisk x4  
  79  10:00  Impaling Strike  
  79  11:00  Barrage of Spikes  
  73  12:00  Tyrant's Protection  
  71  13:20  Primal Ultralisk x2  
  71  13:21  Primal Ultralisk x3  
  71  13:26  Primal Carapace Level 1  
  90  15:23  Primal Ultralisk  
  90  15:24  Primal Ultralisk x4  
Tags
 
Add a new tag
Caveats
  • Supply blocks, unpowered buildings, or Contaminate may cause inaccurate times.
  • Supply counts are checked every 10 seconds.